AoeStats
← Aragorn

Arabia

510218962Analyzed
1v1 RM · 4d ago on Sep 30, 2026· 37m 42s· 2 players
Game mode
Random Map
Map size
Tiny (2 player)
Population
200
Speed
Normal
Resources
Standard
Victory
Conquest
Starting age
Dark Age
Ending age
Imperial Age
RankedLock teamsTeams togetherTeam positionsShared explorationLock speedFull tech treeHidden civsTurbo modeCheats
Victory
Defeat
🇺🇸 Maya · United States
963
+16
🇦🇷 Poles · Argentina
965
-16
exki6160
10:26 Feudal Age
12:56 Double-Bit Axe
13:09 Fletching
14:04 Forging
15:20 Wheelbarrow
14:59 Horse Collar
15:56 Padded Archer Armor
18:54 Loom
21:38 Castle Age
20:53 Gold Mining
21:52 Crossbowman
22:32 Bodkin Arrow
23:31 Hand Cart
24:39 Bow Saw
37:27 Imperial Age
35:47 Heavy Plow
35:48 Pikeman
36:41 Forging
36:31 Scale Mail Armor
Aragorn
8:44 Loom
11:00 Feudal Age
11:10 Man-at-Arms
19:06 Double-Bit Axe
22:45 Castle Age
21:42 Fletching
22:49 Scale Barding Armor
23:28 Bloodlines
25:25 Town Watch
35:24 Chain Barding Armor
36:01 Bow Saw
Connection lost

Rejoining the realm…

Still unreachable

The connection could not be restored.

Session expired

The server has moved on; the page needs a fresh start.